[Event "*** Qualifier 2: Titled Tuesday 3|2 Blitz"]
[Site "Chess.com"]
[Date "2017.04.11"]
[Round "4"]
[White "rubhani"]
[Black "Maitreia"]
[Result "0-1"]
[WhiteElo "2370"]
[BlackElo "2503"]
[TimeControl "180+2"]
[EndTime "13:45:27 PDT"]
[Termination "Maitreia won by resignation"]

1. Nf3 Nf6 2. Nc3 c5 3. e4 d6 4.
d4 cxd4 5. Nxd4 g6 6. f3 Bg7 7.
Be3 O-O 8. Qd2 Nc6 9. O-O-O Bd7 10. Bc4 Rc8 11. Bb3 Ne5 12. h4 h5 13. Kb1 Nc4 14. Bxc4 Rxc4 15. Nd5 Nxd5 16. exd5 Qb6 17.
b3 Rfc8 18. Nf5 Bxf5 19. Bxb6 Rxc2 20. Qd4 axb6 0-1

[Event "*** Qualifier 2: Titled Tuesday 3|2 Blitz"]
[Site "Chess.com"]
[Date "2017.04.11"]
[Round "4"]
[White "Indianlad"]
[Black "Robin-Side"]
[Result "1-0"]
[WhiteElo "2591"]
[BlackElo "2405"]
[TimeControl "180+2"]
[EndTime "13:45:59 PDT"]
[Termination "Indianlad won by resignation"]

1. Nf3 c5 2. e4 Nc6 3. d4 cxd4 4.
Nxd4 e5 5. Ne2 Nf6 6. Ng3 d5 7. exd5 Qxd5 8. Qxd5 Nxd5 9. c3 Be7 10. Nd2 O-O 11. Nf3 f5 12. Bc4 Be6 13. Bg5 e4 14.
Bxe7 Ncxe7 15. Ng5 Rf6 16. Nxe6 Rxe6 17. Nxf5 1-0

[Event "*** Qualifier 2: Titled Tuesday 3|2 Blitz"]
[Site "Chess.com"]
[Date "2017.04.11"]
[Round "4"]
[White "TenisMaster"]
[Black "rasmussvane"]
[Result "1-0"]
[WhiteElo "2647"]
[BlackElo "2524"]
[TimeControl "180+2"]
[EndTime "13:46:27 PDT"]
[Termination "TenisMaster won by resignation"]

1. e4 c6 2. d4 d5 3. e5 Bf5 4. Nf3 e6 5. Be2 Ne7 6. O-O Bg6 7. Nbd2 c5 8. dxc5 Nec6 9. Nb3 Nd7 10.
Bf4 Bxc5 11. Nxc5 Nxc5 12. c3 O-O 13. Nd4 Qb6 14. Nxc6 bxc6 15. Be3 d4 16. Bxd4 a5 17. b3 Rfd8 18. Qc1 Rd5 19. Qe3 Qc7 20. Bxc5 Rxe5 21.
Qg3 1-0

[Event "*** Qualifier 2: Titled Tuesday 3|2 Blitz"]
[Site "Chess.com"]
[Date "2017.04.11"]
[Round "4"]
[White "PowerThinking2650"]
[Black "Generalas"]
[Result "0-1"]
[WhiteElo "2212"]
[BlackElo "2224"]
[TimeControl "180+2"]
[EndTime "13:47:12 PDT"]
[Termination "Generalas won by resignation"]

1. e4 e5 2. Nf3 Nc6 3. Nc3 Nf6 4.
d4 exd4 5. Nxd4 Bb4 6. Nxc6 bxc6 7. Bd3 d5 8. exd5 cxd5 9. O-O O-O 10. Bg5 c6 11. Qf3 Rb8 12. Bxf6 Qxf6 13. Qxf6 gxf6 14. Ne2 Bd6 15. b3 c5 16. Rad1 Re8 17. Ng3 Rb4 18. Rfe1 Re5 19. c3 Rh4 20. Be2 Be6 21. Bf3 d4 22. cxd4 Rxd4 23. Rxd4 Rxe1+ 0-1

[Event "*** Qualifier 2: Titled Tuesday 3|2 Blitz"]
[Site "Chess.com"]
[Date "2017.04.11"]
[Round "4"]
[White "woodhy"]
[Black "silverback96"]
[Result "1-0"]
[WhiteElo "2086"]
[BlackElo "2051"]
[TimeControl "180+2"]
[EndTime "13:47:50 PDT"]
[Termination "woodhy won by checkmate"]

1. e4 c6 2. d4 d5 3. Nc3 dxe4 4.
Nxe4 Bf5 5. Ng3 Bg6 6. N1e2 e5 7. Be3 exd4 8. Nxd4 Nf6 9. Bc4 Be7 10. O-O Nbd7 11. Re1 O-O 12. Bd3 Bxd3 13. Qxd3 Ne5 14. Qb3 Nd5 15.
Ngf5 Bg5 16. Bxg5 Qxg5 17. Rxe5 Rfe8 18. Ne7+ Qxe7 19. Rxe7 Rxe7 20. g3 Rae8 21. c4 Nf6 22. Nf5 Re2 23. Qxb7 Ne4 24. Nd4 Rd2 25. Qxc6 Kf8 26.
Nf5 Nxf2 27. Qc5+ Kg8 28. Qxf2 Rxf2 29. Kxf2 Re4 30. Ne3 Rd4 31. Rd1 Re4 32. Rd8+ Re8 33. Rxe8# 1-0

[Event "*** Qualifier 2: Titled Tuesday 3|2 Blitz"]
[Site "Chess.com"]
[Date "2017.04.11"]
[Round "4"]
[White "VMikhalevski"]
[Black "MaxLeto"]
[Result "1-0"]
[WhiteElo "2532"]
[BlackElo "2345"]
[TimeControl "180+2"]
[EndTime "13:47:57 PDT"]
[Termination "VMikhalevski won by resignation"]

1. Nf3 d5 2. g3 c6 3. Bg2 Nf6 4. O-O Bf5 5. d3 e6 6. c4 Nbd7 7. cxd5 exd5 8. Qb3 Qb6 9. Qc2 Be7 10. Nc3 O-O 11. e4 Bg6 12. Be3 Qa6 13.
Nh4 Rac8 14. Rfe1 Rfe8 15. Bh3 dxe4 16. Nxg6 hxg6 17. dxe4 Rcd8 18. f4 Nc5 19. e5 Nd5 20. Nxd5 Rxd5 21. Bg2 Nd3 22. Bxd5 Nxe1 23. Bxf7+ Kxf7 24.
Qb3+ Kf8 25. Rxe1 Rd8 26. Qe6 1-0

[Event "*** Qualifier 2: Titled Tuesday 3|2 Blitz"]
[Site "Chess.com"]
[Date "2017.04.11"]
[Round "4"]
[White "jlandaw"]
[Black "saraswathii"]
[Result "1-0"]
[WhiteElo "2389"]
[BlackElo "2185"]
[TimeControl "180+2"]
[EndTime "13:48:21 PDT"]
[Termination "jlandaw won by resignation"]

1. e4 c5 2. Nc3 e6 3. g3 Nc6 4.
Bg2 Nf6 5. Nge2 d5 6. exd5 exd5 7. d4 c4 8. Nf4 Be6 9. O-O Bd6 10. Nxe6 fxe6 11.
Re1 Kf7 12. Ne2 Re8 13. Bf4 Bxf4 14. Nxf4 Qb6 15. Bh3 Nxd4 16. c3 e5 17. Nxd5 Nxd5 18. cxd4 Qxd4 19. Qh5+ Kg8 20. Rad1 Nf6 21. Rxd4 Nxh5 22.
Rxc4 Re7 23. Rc5 Rae8 24. f4 g6 25. Rcxe5 Rxe5 26. Rxe5 Rxe5 27. fxe5 Kf7 28. Kf2 Ng7 29. Ke3 Ke7 30. Kd4 Ne8 31. Bg2 b6 32. Kd5 Kd7 33.
Bh3+ 1-0

[Event "*** Qualifier 2: Titled Tuesday 3|2 Blitz"]
[Site "Chess.com"]
[Date "2017.04.11"]
[Round "4"]
[White "Konavets"]
[Black "Vrolijk"]
[Result "1-0"]
[WhiteElo "2585"]
[BlackElo "2295"]
[TimeControl "180+2"]
[EndTime "13:48:21 PDT"]
[Termination "Konavets won by resignation"]

1. e4 g6 2. h4 d5 3. exd5 Nf6 4.
Nc3 Nxd5 5. h5 Bg7 6. Bc4 Nb6 7. Bb3 Nc6 8. Nf3 Na5 9. d4 Nxb3 10. axb3 Bg4 11. h6 Bf6 12. Ne4 O-O 13. Nxf6+ exf6 14.
O-O Qd5 15. c4 Bxf3 16. Qxf3 Qxf3 17. gxf3 c6 18. Bf4 Rfd8 19. Rad1 Rd7 20. Rfe1 Kf8 21. d5 cxd5 22. c5 Nc8 23. b4 a6 24. Rd4 Na7 25.
Bd6+ Kg8 26. Rxd5 Nc6 27. Rd2 Nxb4 28. Rde2 Rdd8 29. Re7 Rac8 30. Rxb7 Nd3 31. Ree7 Nxc5 32. Bxc5 Rxc5 33. Rxf7 Rd1+ 34. Kh2 Rg5 35. Rg7+ 1-0

[Event "*** Qualifier 2: Titled Tuesday 3|2 Blitz"]
[Site "Chess.com"]
[Date "2017.04.11"]
[Round "4"]
[White "korason34"]
[Black "JaimeSantosLatasa"]
[Result "0-1"]
[WhiteElo "2351"]
[BlackElo "2529"]
[TimeControl "180+2"]
[EndTime "13:48:31 PDT"]
[Termination "JaimeSantosLatasa won by checkmate"]

1. e4 e5 2. Nf3 Nc6 3. Bb5 a6 4.
Ba4 d6 5. O-O Bd7 6. d4 b5 7. Bb3 Nxd4 8. Nxd4 exd4 9. a4 c5 10.
Bd5 Rb8 11. axb5 axb5 12. Bf4 Nf6 13. Re1 Be7 14. Nd2 O-O 15. Ra7 Qb6 16. Qa1 Rfe8 17. Nf3 Bf8 18. Bg5 Nxd5 19. exd5 Bg4 20. Rxe8 Rxe8 21. Ra8 Rxa8 22. Qxa8 Qc7 23. h3 Bf5 24. c3 h6 25. Bf4 d3 26. Nd2 Bc8 27. c4 Bb7 28. Qa7 g5 29. Bg3 Qe7 30. cxb5 Qe1+ 31. Kh2 Bxd5 32. Qb8 Qxd2 33. Bxd6 Qxf2 34. Qxf8+ Kh7 35.
Be5 Qxg2# 0-1

[Event "*** Qualifier 2: Titled Tuesday 3|2 Blitz"]
[Site "Chess.com"]
[Date "2017.04.11"]
[Round "4"]
[White "Blitzstream"]
[Black "TheNextLevelFan"]
[Result "0-1"]
[WhiteElo "2467"]
[BlackElo "2392"]
[TimeControl "180+2"]
[EndTime "13:48:33 PDT"]
[Termination "TheNextLevelFan won by resignation"]

1. g4 d5 2. Bg2 c6 3. h3 e5 4. b3 h5 5. Bb2 Bd6 6. gxh5 Nf6 7. e3 Nxh5 8. c4 Qg5 9. Kf1 dxc4 10. Nc3 Bf5 11. bxc4 Bd3+ 12. Nge2 Bxc4 13. d3 Be6 14.
Ne4 Qe7 15. Nxd6+ Qxd6 16. Nc3 Nf6 17. Qa4 Qxd3+ 18. Kg1 O-O 19. Rd1 Qg6 20. Kf1 Nbd7 21. Ne4 Nb6 22. Nxf6+ Qxf6 23. Qe4 Nc4 24. Bc3 Bd5 25.
Qg4 Nxe3+ 0-1

[Event "*** Qualifier 2: Titled Tuesday 3|2 Blitz"]
[Site "Chess.com"]
[Date "2017.04.11"]
[Round "4"]
[White "luisgui16"]
[Black "brauliocuarta"]
[Result "1-0"]
[WhiteElo "2119"]
[BlackElo "2039"]
[TimeControl "180+2"]
[EndTime "13:48:45 PDT"]
[Termination "luisgui16 won on time"]

1. e4 c5 2. Nf3 e6 3. c4 a6 4. d4 cxd4 5. Nxd4 Nf6 6. Nc3 Bb4 7.
Qd3 d5 8. cxd5 exd5 9. e5 Ne4 10.
Be2 Qc7 11. O-O Qxe5 12. Nf3 Qd6 13. Nxd5 Nf6 14. Nxf6+ gxf6 15. Qe4+ Qe7 16. Qc2 Nc6 17. Bc4 O-O 18. a3 Bd6 19. Re1 Qc7 20. Bd3 Kh8 21. Bxh7 Bg4 22. Be4 Rac8 23. h3 Bxf3 24. Bxf3 Nd4 25.
Qe4 Kg7 26. Qg4+ Kh8 27. Qh5+ Kg7 28. Bh6+ 1-0

[Event "*** Qualifier 2: Titled Tuesday 3|2 Blitz"]
[Site "Chess.com"]
[Date "2017.04.11"]
[Round "4"]
[White "Zhani-Z"]
[Black "Goala"]
[Result "0-1"]
[WhiteElo "2405"]
[BlackElo "2334"]
[TimeControl "180+2"]
[EndTime "13:48:50 PDT"]
[Termination "Goala won by resignation"]

1. e4 e6 2. d4 d5 3. Nc3 Nf6 4.
e5 Nfd7 5. Nce2 c5 6. c3 Nc6 7.
Nf3 Qa5 8. Bd2 Qb6 9. Rb1 f6 10. exf6 Nxf6 11. a3 Bd6 12. Bf4 Bxf4 13. Nxf4 O-O 14.
Bd3 Ne4 15. g3 cxd4 16. cxd4 e5 17. Bxe4 dxe4 18. Nxe5 Nxe5 19. dxe5 g5 20. Qd5+ Kh8 21. Qxe4 gxf4 22. O-O fxg3 23. hxg3 Bh3 24. Ra1 Bxf1 0-1

[Event "*** Qualifier 2: Titled Tuesday 3|2 Blitz"]
[Site "Chess.com"]
[Date "2017.04.11"]
[Round "4"]
[White "StarkAst"]
[Black "Rodalquilar"]
[Result "0-1"]
[WhiteElo "2340"]
[BlackElo "2524"]
[TimeControl "180+2"]
[EndTime "13:49:05 PDT"]
[Termination "Rodalquilar won by checkmate"]

1. e4 e5 2. Nf3 Nc6 3. d4 exd4 4.
Nxd4 Bb4+ 5. c3 Bc5 6. Nb3 Bb6 7. Qe2 d6 8. Be3 Nf6 9. N1d2 O-O 10. O-O-O Re8 11. f3 d5 12. Bxb6 axb6 13. Kb1 Qe7 14. exd5 Bf5+ 15. Ne4 Nxe4 16. fxe4 Bxe4+ 17. Kc1 Bxd5 18. Rxd5 Qxe2 19. Bxe2 Rxe2 20. Rd7 Rxa2 21. Rxc7 h5 22. Rf1 Ne5 23. Rf5 f6 24. Rc8+ Kf7 25. Rc7+ Kg6 26.
Nd4 Ra1# 0-1

[Event "*** Qualifier 2: Titled Tuesday 3|2 Blitz"]
[Site "Chess.com"]
[Date "2017.04.11"]
[Round "4"]
[White "Gabrielian_Artur"]
[Black "TomsKantans"]
[Result "0-1"]
[WhiteElo "2609"]
[BlackElo "2481"]
[TimeControl "180+2"]
[EndTime "13:49:24 PDT"]
[Termination "TomsKantans won by resignation"]

1. e4 c5 2. Nf3 Nf6 3. e5 Nd5 4.
Nc3 e6 5. Nxd5 exd5 6. g3 d6 7. exd6 Bxd6 8. Bg2 O-O 9. O-O Nc6 10. d4 Bg4 11. dxc5 Bxc5 12. h3 Bh5 13. c3 Re8 14.
Bf4 h6 15. b4 Bb6 16. a4 a6 17. Qd2 Bg6 18. Rad1 Be4 19. Rfe1 Qf6 20. Be3 Bxf3 21.
Bxf3 d4 22. Bf4 dxc3 23. Rxe8+ Rxe8 24. Qd7 Rd8 25. Qxb7 Rxd1+ 26. Bxd1 Qd4 27. Qc8+ Nd8 28. Be3 Qxd1+ 29. Kh2 Bxe3 0-1

[Event "*** Qualifier 2: Titled Tuesday 3|2 Blitz"]
[Site "Chess.com"]
[Date "2017.04.11"]
[Round "4"]
[White "likantrophuss"]
[Black "Ginger_GM"]
[Result "0-1"]
[WhiteElo "2389"]
[BlackElo "2438"]
[TimeControl "180+2"]
[EndTime "13:49:29 PDT"]
[Termination "Ginger_GM won by resignation"]

1. b3 e5 2. Bb2 e4 3. e3 Nf6 4. f3 d5 5. c4 c6 6. cxd5 cxd5 7. fxe4 dxe4 8. Bb5+ Nc6 9. Qc2 Be7 10. Ne2 O-O 11.
Bxc6 bxc6 12. O-O Ba6 13. Nbc3 Bd3 14. Qc1 Bd6 15. Qe1 Ng4 16. h3 Ne5 17. Rf5 g6 18. Rf4 f5 19. Nd4 Qd7 20. Rf2 c5 21. Nde2 g5 22.
Na4 Bb5 23. Nxc5 Qe7 24. b4 Bxc5 25. Bxe5 Qxe5 26. bxc5 Bxe2 27. Qxe2 Qxa1+ 28. Kh2 Qe5+ 29. g3 Qxc5 30. Qh5 Qe7 0-1

[Event "*** Qualifier 2: Titled Tuesday 3|2 Blitz"]
[Site "Chess.com"]
[Date "2017.04.11"]
[Round "4"]
[White "1e41-0"]
[Black "Grebeniuk-S"]
[Result "1-0"]
[WhiteElo "2324"]
[BlackElo "2391"]
[TimeControl "180+2"]
[EndTime "13:49:30 PDT"]
[Termination "1e41-0 won by resignation"]

1. d4 f5 2. Nc3 Nf6 3. Bg5 d5 4. e3 e6 5. Bd3 c5 6. Nf3 Nc6 7. O-O Be7 8. Ne5 Nxe5 9. dxe5 Nd7 10. Bxe7 Qxe7 11. f4 a6 12. Bxf5 exf5 13. Nxd5 Qd8 14.
e4 O-O 15. e6 Re8 16. exd7 Bxd7 17. e5 b5 18. Rf3 Bc6 19. Rd3 Qh4 20. Qe1 Qh5 21.
Nc7 Be4 22. Rg3 Rad8 23. Nxe8 Qxe8 24. Rd1 Bxc2 25. Rd2 Be4 26. Qd1 Rc8 27. Rd7 g6 28. Qd6 Qf8 29. Rxg6+ Kh8 30. Rh6 Qg8 31. Qf6+ 1-0

[Event "*** Qualifier 2: Titled Tuesday 3|2 Blitz"]
[Site "Chess.com"]
[Date "2017.04.11"]
[Round "4"]
[White "JoachimBN"]
[Black "FancyPlaySyndrome"]
[Result "1-0"]
[WhiteElo "2550"]
[BlackElo "2388"]
[TimeControl "180+2"]
[EndTime "13:49:43 PDT"]
[Termination "JoachimBN won by resignation"]

1. c4 c5 2. g3 Nc6 3. Bg2 g6 4.
Nc3 Bg7 5. Nf3 Nh6 6. h4 d6 7. h5 e5 8. d3 Nf5 9. hxg6 hxg6 10. Rxh8+ Bxh8 11. Nd5 Be6 12. Ng5 Bd7 13. Ne4 Be6 14.
Bg5 Qa5+ 15. Kf1 Kd7 16. e3 Nfe7 17. Nec3 Rb8 18. a3 Qd8 19. b4 Qf8 20. b5 f6 21.
Bxf6 Bxf6 22. bxc6+ Nxc6 23. Qa4 Bd8 24. Rb1 Bf5 25.
Ne4 Ke6 26. Nxc5+ dxc5 27. Rxb7 Qd6 28. Rxb8 Nxb8 29. Qe8+ 1-0

[Event "*** Qualifier 2: Titled Tuesday 3|2 Blitz"]
[Site "Chess.com"]
[Date "2017.04.11"]
[Round "4"]
[White "macko06"]
[Black "prochn"]
[Result "1-0"]
[WhiteElo "2348"]
[BlackElo "2208"]
[TimeControl "180+2"]
[EndTime "13:49:46 PDT"]
[Termination "macko06 won on time"]

1. d4 d5 2. Bf4 Nf6 3. e3 c5 4. c3 Qb6 5. Qb3 c4 6. Qc2 Nc6 7. Nd2 g6 8. Ngf3 Bf5 9. Qc1 Bg7 10. Be2 O-O 11. O-O Rfc8 12. h3 Qd8 13. b3 b5 14. a4 a6 15. axb5 axb5 16. Qb2 Ne4 17. Rxa8 Rxa8 18. bxc4 bxc4 19. Nxe4 Bxe4 20. Nd2 Bf5 21. e4 dxe4 22. Nxc4 h6 23. Rd1 g5 24. Be3 Qc7 25. Ra1 Rb8 26. Qc1 Bg6 27. h4 f6 28. d5 Ne5 29. Ra7 Rb7 30. Rxb7 Qxb7 31. Nxe5 fxe5 32. hxg5 Qxd5 33. c4 Qc6 34. gxh6 Bf8 35. c5 Kh7 36. g4 Be8 37. g5 Qe6 38. Qb1 Bc6 39. Bh5 Kg8 40. g6 Qh3 41. Qa2+ e6 42.
Qa7 Bb7 43. Qxb7 Be7 44. Qxe7 1-0

[Event "*** Qualifier 2: Titled Tuesday 3|2 Blitz"]
[Site "Chess.com"]
[Date "2017.04.11"]
[Round "4"]
[White "Cecile_Haussernot"]
[Black "evgenyermolaev"]
[Result "1-0"]
[WhiteElo "2297"]
[BlackElo "2370"]
[TimeControl "180+2"]
[EndTime "13:49:50 PDT"]
[Termination "Cecile_Haussernot won by resignation"]

1. e4 c5 2. Nf3 d6 3. d4 cxd4 4. Nxd4 Nf6 5. Nc3 a6 6. h3 e5 7. Nde2 Be7 8. g4 Be6 9. Bg2 O-O 10. O-O Nc6 11. Nd5 Bxd5 12. exd5 Na5 13. b3 b5 14. Ng3 Re8 15. Nf5 Bf8 16. Bd2 Nb7 17. a4 Nc5 18.
axb5 axb5 19. Qe2 Rb8 20. b4 Na4 21. c4 Nb6 22. g5 Nfd7 23. cxb5 e4 24. Nd4 Ne5 25. Nc6 Nxc6 26. bxc6 Nxd5 27. b5 Qb6 28. Rfb1 e3 29. Bxd5 exd2 30. Qxd2 Re5 31. Rc1 Be7 32. c7 Rc8 33. Ra8 Rxa8 34. Bxa8 1-0

[Event "*** Qualifier 2: Titled Tuesday 3|2 Blitz"]
[Site "Chess.com"]
[Date "2017.04.11"]
[Round "4"]
[White "Witik"]
[Black "GeorgMeier"]
[Result "0-1"]
[WhiteElo "2502"]
[BlackElo "2718"]
[TimeControl "180+2"]
[EndTime "13:49:52 PDT"]
[Termination "GeorgMeier won by resignation"]

1. Nf3 d5 2. d4 Nf6 3. Bf4 c5 4. e3 Nc6 5. c3 Qb6 6. Qb3 c4 7. Qc2 Bf5 8. Qc1 e6 9. Nbd2 Be7 10. h3 O-O 11. b3 cxb3 12. axb3 Rfc8 13. Be2 Nb4 14.
O-O Nd3 15. Bxd3 Bxd3 16. Re1 Nd7 17. e4 dxe4 18. Nxe4 Bxe4 19. Rxe4 Qxb3 20. Bd2 b5 21. Rg4 Nf6 22. Rg5 Ne4 23. Rb1 Nxc3 24. Bxc3 Bxg5 25.
Nxg5 Rxc3 26. Qe1 Qc2 27. Ne4 Rc7 28. Kh2 a6 29. Ra1 Qc4 30. Qe3 Rd7 31. Qg5 Qxd4 32. Re1 h6 33. Qc1 Rad8 34. Re3 Qe5+ 35. Ng3 Qf4 36.
Qc6 Qxf2 37. Rf3 Qd2 38. Qxa6 b4 39. Nh5 Qd6+ 0-1

[Event "*** Qualifier 2: Titled Tuesday 3|2 Blitz"]
[Site "Chess.com"]
[Date "2017.04.11"]
[Round "4"]
[White "DagurR"]
[Black "Bugcrusher"]
[Result "0-1"]
[WhiteElo "2429"]
[BlackElo "2399"]
[TimeControl "180+2"]
[EndTime "13:49:56 PDT"]
[Termination "Bugcrusher won by checkmate"]

1. d4 Nf6 2. c4 g6 3. Nc3 Bg7 4.
Nf3 d6 5. g3 O-O 6. Bg2 Nc6 7.
O-O a6 8. Qd3 Rb8 9. e4 Bg4 10.
Be3 Re8 11. h3 Bxf3 12. Bxf3 e5 13. d5 Nd4 14. Bg2 c5 15. dxc6 bxc6 16. b3 Nd7 17.
Ne2 Nc5 18. Qd2 Nce6 19. f4 Nxe2+ 20. Qxe2 exf4 21. gxf4 Bxa1 22. Rxa1 d5 23. Rd1 Qh4 24. Qf2 Qxf2+ 25. Kxf2 dxe4 26. Bxe4 Nxf4 27. Bxf4 Rbc8 28. Bf3 c5 29. Bd5 Kg7 30. Bd2 f5 31. Bc3+ Kh6 32.
Kf3 g5 33. Rg1 Kg6 34. Bd2 h6 35. Rh1 Re7 36. h4 g4+ 37. Kf2 h5 38. Be3 Rce8 39. Bxc5 Re2+ 40. Kg3 Rxa2 41. Rd1 Rb2 42. Rd3 Ree2 43.
Bc6 Re6 44. Bd7 Rf6 45. Be8+ Kh7 46. Rd7+ Kg8 47. Bd4 f4# 0-1

[Event "*** Qualifier 2: Titled Tuesday 3|2 Blitz"]
[Site "Chess.com"]
[Date "2017.04.11"]
[Round "4"]
[White "gmcorrales"]
[Black "OparinGrigoriy"]
[Result "0-1"]
[WhiteElo "2612"]
[BlackElo "2648"]
[TimeControl "180+2"]
[EndTime "13:49:57 PDT"]
[Termination "OparinGrigoriy won by resignation"]

1. e4 c5 2. Nf3 d6 3. d4 cxd4 4.
Nxd4 Nf6 5. Nc3 a6 6. Be3 e5 7.
Nf3 Qc7 8. a4 Be7 9. a5 O-O 10.
Be2 Nc6 11. Bb6 Qd7 12. Nd2 d5 13. exd5 Nxd5 14. O-O Nxc3 15. bxc3 Qe6 16. Ne4 Qg6 17. Ra4 f5 18. Nc5 Kh8 19. Nd7 Bxd7 20. Qxd7 Rab8 21. Rd1 e4 22. Qc7 Bd8 23. Qg3 Qxg3 24. hxg3 Bxb6 25. axb6 Rfd8 26. Kf1 g6 27. Ke1 Kg7 28. c4 Kf6 29. Raa1 Ke5 30. f4+ exf3 31. gxf3 f4 32. gxf4+ Kxf4 33. c5 Ke5 34. Ra4 Rxd1+ 35. Bxd1 Kd5 36. Rh4 Rh8 37. c4+ Kxc5 38. Bc2 Re8+ 39. Kf2 Re7 40.
Be4 Kxb6 41. Rf4 Kc5 42. Rf6 Ne5 43. Bd5 Nxc4 44. Bg8 b5 45. Rf8 a5 46. Rc8+ Kb4 47. Rb8 a4 0-1

[Event "*** Qualifier 2: Titled Tuesday 3|2 Blitz"]
[Site "Chess.com"]
[Date "2017.04.11"]
[Round "4"]
[White "iturrizaga"]
[Black "Kozok"]
[Result "1-0"]
[WhiteElo "2645"]
[BlackElo "2292"]
[TimeControl "180+2"]
[EndTime "13:49:59 PDT"]
[Termination "iturrizaga won by checkmate"]

1. Nf3 Nf6 2. c4 e6 3. g3 d5 4.
Bg2 c5 5. O-O Nc6 6. cxd5 exd5 7.
d4 Be7 8. dxc5 Bxc5 9. a3 a5 10. Nc3 O-O 11. Na4 Be7 12. Bf4 b5 13. Rc1 Bb7 14. Nc5 Bxc5 15. Rxc5 Qb6 16. Rc1 Rfe8 17. Qd3 b4 18. Be3 Qd8 19. Qb5 Qd7 20. Rfd1 Rac8 21.
axb4 Nxb4 22. Qxa5 Nc2 23. Bf4 Rxe2 24. Bf1 Ree8 25.
Ne5 Qd8 26. Qxd8 Rexd8 27. Bh3 Rc5 28. Rd2 g5 29. Bxg5 Ne4 30. Bxd8 Nxd2 31. Be7 Rc7 32. Bd6 Nb3 33. Rd1 Rc4 34. Nxc4 dxc4 35. Be5 Nb4 36. Rd8# 1-0

[Event "*** Qualifier 2: Titled Tuesday 3|2 Blitz"]
[Site "Chess.com"]
[Date "2017.04.11"]
[Round "4"]
[White "MorpheusPro"]
[Black "pastouche06"]
[Result "0-1"]
[WhiteElo "2154"]
[BlackElo "2308"]
[TimeControl "180+2"]
[EndTime "13:49:59 PDT"]
[Termination "pastouche06 won by resignation"]

1. d4 Nf6 2. Nf3 d5 3. Bf4 c5 4. c3 Nc6 5. e3 Qb6 6. Qb3 c4 7. Qc2 Bf5 8. Qc1 e6 9. Nbd2 h6 10. Be2 Be7 11. h3 O-O 12. Ne5 Nxe5 13. Bxe5 Nd7 14.
Bh2 Bd6 15. Bxd6 Qxd6 16. e4 Bxe4 17. Nxe4 dxe4 18. Bxc4 e5 19. dxe5 Nxe5 20. Be2 Nd3+ 21. Bxd3 exd3 22. O-O Rae8 23. Qd1 Re2 24. Qb3 b6 25.
Rad1 Rfe8 26. c4 d2 27. Qc3 Rd8 28. b3 a5 29. Qf3 Qe5 30. h4 Re1 31. g3 Re8 32.
Rxd2 Rxf1+ 33. Kxf1 Qe1+ 0-1

[Event "*** Qualifier 2: Titled Tuesday 3|2 Blitz"]
[Site "Chess.com"]
[Date "2017.04.11"]
[Round "4"]
[White "jcibarra"]
[Black "ftorodent"]
[Result "1-0"]
[WhiteElo "2651"]
[BlackElo "2497"]
[TimeControl "180+2"]
[EndTime "13:50:10 PDT"]
[Termination "jcibarra won by resignation"]

1. e4 e6 2. d4 d5 3. Bd3 c5 4. exd5 exd5 5. Nf3 Nc6 6. O-O Bd6 7.
dxc5 Bxc5 8. a3 Nge7 9. b4 Bd6 10. Bb2 O-O 11. c4 dxc4 12. Bxc4 Bg4 13. Nbd2 Be5 14. Qb3 Bxb2 15. Qxb2 Qd7 16. Rfe1 Rad8 17. h3 Bh5 18. b5 Na5 19. Qb4 Bxf3 20. Nxf3 Nxc4 21. Rxe7 Qd5 22. Rc1 Nd6 23. Rc5 Qd3 24. Re3 Qg6 25. Rg5 Qf6 26. Rd5 Nf5 27. Red3 h6 28. Qc5 b6 29. Qc6 Qxc6 30. bxc6 Rxd5 31. Rxd5 Ne7 32. Rd6 Rc8 33. Nd4 Kf8 34. f4 Ke8 35. Kf2 Rd8 36. Nb5 a6 37.
Nc7+ 1-0

[Event "*** Qualifier 2: Titled Tuesday 3|2 Blitz"]
[Site "Chess.com"]
[Date "2017.04.11"]
[Round "4"]
[White "GM_Splinter"]
[Black "GianmarcoVaR"]
[Result "1-0"]
[WhiteElo "2369"]
[BlackElo "2479"]
[TimeControl "180+2"]
[EndTime "13:50:13 PDT"]
[Termination "GM_Splinter won by checkmate"]

1. e4 c6 2. d4 d5 3. Nd2 dxe4 4.
Nxe4 Bf5 5. Ng3 Bg6 6. Bc4 e6 7.
h4 h6 8. N1e2 Nf6 9. Nf4 Bh7 10. Be3 Nbd7 11. Qe2 Bd6 12. O-O-O Qc7 13. Nfh5 O-O 14. Bd3 Bxd3 15. Rxd3 Rfd8 16. Rhd1 a5 17. Kb1 a4 18. Nxf6+ Nxf6 19. Nh5 Qe7 20. Qf3 Nd5 21.
Bxh6 gxh6 22. c4 f5 23. cxd5 cxd5 24. g4 Rf8 25. Qg2 Kh7 26. g5 hxg5 27. hxg5 Kg6 28. Nf6 Rh8 29. Re1 Bb4 30. Nxd5 Qd6 31. Nxb4 Qxb4 32. Rxe6+ Kg7 33. a3 Qc4 34. Qxb7+ Kf8 35.
Qe7+ Kg8 36. Rg6# 1-0

[Event "*** Qualifier 2: Titled Tuesday 3|2 Blitz"]
[Site "Chess.com"]
[Date "2017.04.11"]
[Round "4"]
[White "Alex_Molchanov"]
[Black "andreimacovei2000"]
[Result "1-0"]
[WhiteElo "2406"]
[BlackElo "2402"]
[TimeControl "180+2"]
[EndTime "13:50:15 PDT"]
[Termination "Alex_Molchanov won by resignation"]

1. c4 c5 2. Nc3 Nc6 3. g3 g6 4.
Bg2 Bg7 5. e3 e5 6. Nge2 Nge7 7.
O-O O-O 8. d3 d6 9. a3 a5 10. Rb1 Be6 11. e4 Nd4 12. b4 axb4 13.
axb4 b6 14. b5 Qc7 15. f4 Bg4 16. h3 Nxe2+ 17. Nxe2 Bxe2 18. Qxe2 exf4 19. Bxf4 Ra3 20.
Kh1 h6 21. h4 h5 22. Bg5 Kh7 23. Rf2 Be5 24. Rbf1 Ng8 25. Rf3 Nh6 26. Bxh6 Kxh6 27. Bh3 Kg7 28. Be6 f6 29. Bd5 Qd7 30. Qg2 Qg4 31. d4 Rxf3 32. Rxf3 Bxd4 33. Ra3 f5 34. Ra7+ Kh8 35. e5 dxe5 36. Bf3 e4 37. Bxg4 hxg4 38. h5 g5 39. Qd2 e3 40. Qg2 Rg8 41.
Qc6 Rg7 42. Qe8+ Kh7 43. Qg6+ Kh8 44. Ra8+ 1-0

[Event "*** Qualifier 2: Titled Tuesday 3|2 Blitz"]
[Site "Chess.com"]
[Date "2017.04.11"]
[Round "4"]
[White "hermionegrangermagic"]
[Black "aRk_iN"]
[Result "1-0"]
[WhiteElo "2296"]
[BlackElo "2139"]
[TimeControl "180+2"]
[EndTime "13:50:16 PDT"]
[Termination "hermionegrangermagic won by checkmate"]

1. e4 c5 2. Nf3 e6 3. b3 Nc6 4. Bb2 Qc7 5. d4 cxd4 6. Nxd4 a6 7. g3 d6 8. Bg2 Bd7 9. O-O Rc8 10. Ne2 Nf6 11. Nd2 Be7 12. f4 Nb4 13. c4 b5 14.
h3 bxc4 15. Nxc4 d5 16. exd5 Nbxd5 17. f5 O-O 18. fxe6 Bxe6 19. Rc1 Qa7+ 20. Kh2 Rfd8 21. Nd4 Nb4 22. a3 Bxc4 23. bxc4 Nc6 24. Nxc6 Rxc6 25. Qe2 Re6 26. Qf3 Rf8 27. c5 Ne4 28. c6 Bd6 29. Qd3 Bxg3+ 30. Kh1 Nf2+ 31. Rxf2 Bxf2 32. Qc3 Qc7 33.
Qxg7# 1-0

[Event "*** Qualifier 2: Titled Tuesday 3|2 Blitz"]
[Site "Chess.com"]
[Date "2017.04.11"]
[Round "4"]
[White "sorito"]
[Black "djano"]
[Result "0-1"]
[WhiteElo "2304"]
[BlackElo "2329"]
[TimeControl "180+2"]
[EndTime "13:50:18 PDT"]
[Termination "djano won by resignation"]

1. d4 f5 2. Nf3 Nf6 3. g3 e6 4.
Bg2 Be7 5. O-O O-O 6. b3 d6 7.
Bb2 Qe8 8. Nbd2 Ne4 9. c4 b6 10. Nxe4 fxe4 11. Nd2 d5 12. e3 Bb7 13. Qg4 Bf6 14. Rab1 a5 15. a4 Na6 16. Ba3 Rf7 17. Bh3 Bc8 18. Qe2 Be7 19. Bxe7 Qxe7 20. f4 Nb4 21. cxd5 exd5 22. Bxc8 Rxc8 23. Kh1 Nd3 24. Nf3 c5 25. Ne5 Nxe5 26. dxe5 Qe6 27. Rbd1 Rd7 28. Qh5 g6 29. Qg5 Rf8 30. Qh6 Qg4 31. Rd2 d4 32. h3 Qe6 33. g4 dxe3 34. Re2 Rd2 35. Rxe3 c4 36. bxc4 Qxc4 37. Rfe1 Qc2 0-1